Map: Jagannatha LE

Players

Scarlett - Winner!

  • Race: Zerg Zerg
  • League: Master
  • Spawn Location: 7:00

Vindicta

  • Race: Terran Terran
  • League: Master
  • Spawn Location: 1:00

Event: DreamHack SC2 Masters 2020 Winter

VOD

Have the link to the VOD?

Description

Time

  • Played on: Oct. 31, 2020, 4:05 p.m.
  • Length: 20:47

All games in this series

Show
View Real Time Build Order
Export as new Build Order

Scarlett Zerg - Winner!

Build Orders: Hatch First, Muta Ling Bane 

Get SALT Encoding   

  12  0:00  Drone  
  13  0:12  Overlord  
  13  0:17  Drone  
  14  0:30  Drone  
  14  0:31  Drone  
  16  0:47  Hatchery  
  15  0:51  Drone  
  15  0:54  Drone  
  17  0:57  Drone  
  18  1:08  Extractor  
  17  1:12  Spawning Pool  
  17  1:16  Drone  
  17  1:19  Drone  
  18  1:28  Drone  
  19  1:38  Drone  
  20  1:49  Drone  
  21  1:59  Queen x2  
  21  2:00  Zergling x4  
  27  2:12  Drone  
  28  2:16  Overlord  
  28  2:21  Hatchery  
  27  2:28  Drone  
  28  2:38  Drone x2, Metabolic Boost  
  28  2:39  Drone  
  28  2:43  Drone  
  31  2:49  Overlord  
  31  2:51  Queen  
  31  2:55  Drone  
  34  3:02  Drone  
  35  3:08  Drone x5  
  40  3:14  Queen  
  40  3:17  Overlord  
  42  3:20  Drone  
  43  3:30  Overlord  
  43  3:32  Queen  
  45  3:35  Queen  
  45  3:36  Drone  
  45  3:40  Drone x2  
  50  3:45  Zergling x4  
  52  3:51  Zergling x4  
  54  3:57  Drone  
  54  3:58  Drone x3  
  58  4:03  Overlord  
  58  4:08  Zergling x4, Queen  
  62  4:11  Drone x3  
  62  4:13  Overlord  
  65  4:17  Overlord  
  65  4:21  Lair  
  65  4:23  Overlord  
  65  4:29  Zergling x8  
  69  4:33  Drone  
  69  4:35  Drone, Baneling Nest  
  69  4:36  Extractor  
  69  4:37  Extractor  
  69  4:38  Extractor  
  67  4:42  Drone x2  
  69  4:49  Spore Crawler  
  69  4:50  Drone x5  
  71  4:54  Drone x2  
  71  4:55  Spore Crawler  
  71  4:58  Spore Crawler  
  67  5:02  Drone x3  
  67  5:05  Drone  
  67  5:06  Drone x3  
  74  5:10  Zergling x2  
  75  5:15  Drone  
  75  5:20  Overseer  
  76  5:25  Drone  
  76  5:26  Drone x4  
  81  5:28  Baneling Nest  
  81  5:31  Pneumatized Carapace  
  81  5:33  Drone x6, Spire  
  86  5:38  Zergling x6  
  88  5:43  Extractor x2  
  86  5:50  Centrifical Hooks  
  86  5:51  Overlord  
  86  5:53  Drone x2  
  86  5:54  Evolution Chamber  
  86  5:55  Evolution Chamber  
  86  5:56  Drone  
  86  5:58  Zergling x2  
  86  5:59  Zergling x8  
  86  6:00  Drone x2  
  93  6:15  Drone x2  
  95  6:26  Hatchery, Zergling x20  
  95  6:29  Baneling x9  
  104  6:43  Overlord x2, Zerg Melee Weapons Level 1, Zerg Ground Armor Level 1  
  104  6:49  Hatchery  
  104  6:51  Mutalisk  
  105  6:54  Overseer  
  106  7:01  Hatchery  
  106  7:04  Mutalisk x5  
  106  7:08  Hatchery  
  115  7:13  Mutalisk  
  117  7:19  Zergling x10  
  118  7:27  Drone x3  
  121  7:37  Drone x6  
  121  7:38  Overlord x3  
  125  8:02  Spine Crawler, Baneling x8  
  125  8:03  Zergling x2, Baneling x2  
  125  8:04  Zergling x30  
  140  8:12  Overseer  
  140  8:16  Mutalisk x5, Extractor  
  140  8:18  Extractor  
  144  8:24  Mutalisk  
  131  8:28  Drone x7  
  136  8:39  Drone x3  
  136  8:40  Drone x2  
  141  8:45  Spine Crawler, Mutalisk x2, Drone x3  
  145  8:54  Drone  
  146  8:57  Zerg Ground Armor Level 2, Zerg Melee Weapons Level 2  
  146  9:00  Zerg Flyer Weapons Level 1  
  146  9:03  Zergling x18  
  146  9:06  Spine Crawler, Drone x2  
  146  9:09  Spore Crawler  
  155  9:13  Zergling x4  
  157  9:23  Overlord x4  
  157  9:24  Overlord x2  
  157  9:26  Infestation Pit  
  156  9:35  Mutalisk  
  158  9:45  Mutalisk x8  
  158  9:50  Zergling x20  
  184  9:58  Baneling x10, Extractor  
  184  9:59  Extractor, Baneling x2  
  183  10:00  Drone x3  
  183  10:03  Drone x3  
  188  10:08  Hive  
  188  10:10  Drone  
  188  10:11  Drone x12  
  188  10:13  Hatchery  
  189  10:35  Zergling x24  
  194  10:47  Mutalisk x3  
  194  10:48  Mutalisk x5  
  194  10:49  Overseer  
  190  10:50  Zergling x10  
  190  10:51  Zergling x4  
  190  10:54  Baneling x12  
  197  11:02  Zergling x2, Overlord  
  197  11:03  Overlord  
  198  11:10  Baneling x19  
  196  11:18  Baneling x2  
  196  11:19  Baneling x7  
  196  11:23  Zergling x8  
  194  11:38  Zergling x18  
  194  11:39  Zergling x6  
  198  11:50  Zerg Melee Weapons Level 3, Zerg Ground Armor Level 3  
  198  11:51  Greater Spire  
  198  11:54  Spine Crawler  
  198  11:56  Queen  
  198  11:58  Baneling x4  
  198  12:01  Overseer  
  192  12:09  Baneling  
  192  12:10  Baneling x5  
  192  12:28  Spine Crawler, Spore Crawler  
  192  12:29  Zergling x22  
  194  12:50  Adrenal Glands  
  194  12:51  Ultralisk Cavern, Corruptor x4  
  199  13:00  Burrow  
  199  13:08  Zerg Flyer Armor Level 1  
  199  13:09  Spire  
  198  13:17  Corruptor  
  170  13:53  Zergling x20  
  174  13:59  Corruptor x2  
  174  14:01  Zergling x14  
  187  14:04  Drone x9  
  195  14:12  Brood Lord x4  
  195  14:14  Chitinous Plating  
  199  14:21  Spore Crawler  
  197  14:25  Brood Lord  
  197  14:32  Spore Crawler  
  197  14:33  Zerg Flyer Weapons Level 2, Spore Crawler  
  197  14:35  Spore Crawler  
  194  14:43  Brood Lord x2  
  198  14:50  Baneling x13  
  198  14:51  Baneling x6  
  194  14:54  Zergling x12  
  194  14:56  Baneling x5  
  168  15:20  Overseer  
  168  15:21  Corruptor  
  168  15:26  Ultralisk x5  
  181  15:49  Drone x6  
  163  15:57  Spawning Pool  
  163  16:02  Hatchery  
  152  16:04  Drone x3  
  152  16:05  Drone x3  
  157  16:16  Hatchery  
  151  16:36  Corruptor x7  
  159  16:47  Corruptor  
  159  16:48  Corruptor x5  
  159  16:49  Zerg Flyer Armor Level 2  
  159  16:50  Zerg Flyer Weapons Level 3  
  159  16:52  Drone x3  
  172  16:59  Overlord x2  
  172  17:00  Overlord  
  171  17:04  Extractor  
  171  17:05  Extractor  
  153  17:23  Ultralisk  
  153  17:24  Ultralisk x4  
  171  17:41  Queen  
  171  17:42  Queen  
  171  17:43  Drone  
  171  17:44  Drone  
  177  17:51  Spine Crawler, Spore Crawler  
  172  17:52  Overseer  
  172  17:53  Zergling x2  
  171  18:00  Zergling x30  
  186  18:06  Spore Crawler  
  186  18:07  Spore Crawler  
  186  18:08  Drone  
  186  18:09  Drone x2  
  186  18:12  Drone x2  
  188  18:13  Overlord x2  
  188  18:20  Overseer  
  176  18:29  Queen  
  174  18:34  Ultralisk x2  
  174  18:43  Ultralisk x2  
  180  18:51  Pathogen Glands  
  168  19:01  Ultralisk x2  
  142  19:27  Infestor x5  
  142  19:28  Infestor  
  142  19:31  Zergling x22  
  165  19:53  Spore Crawler  
  165  19:55  Hatchery  
  164  20:01  Drone x2  
  166  20:09  Spore Crawler  
  166  20:11  Spine Crawler  
  164  20:14  Overseer x2  
  164  20:16  Baneling  
  164  20:17  Baneling x12  
Show
View Real Time Build Order
Export as new Build Order

Vindicta Terran 

Build Orders: Reaper Expand, Hellion Banshee 

Get SALT Encoding   

  12  0:00  SCV  
  13  0:13  SCV  
  14  0:17  Supply Depot  
  14  0:25  SCV  
  15  0:38  SCV  
  15  0:41  Barracks  
  16  0:44  Refinery  
  16  0:50  SCV  
  17  1:03  SCV  
  18  1:15  SCV  
  19  1:29  Reaper, Orbital Command  
  20  1:42  Command Center  
  20  1:55  Supply Depot  
  20  1:56  SCV  
  20  2:00  Marine  
  22  2:08  SCV  
  23  2:11  Factory  
  23  2:20  SCV, Refinery  
  23  2:21  Barracks Reactor  
  24  2:32  SCV  
  25  2:44  SCV  
  26  2:54  Orbital Command  
  26  2:56  SCV  
  27  2:58  Starport  
  27  3:06  Hellion x2  
  27  3:08  SCV  
  27  3:11  Barracks Tech Lab  
  27  3:12  Supply Depot  
  32  3:23  SCV  
  32  3:25  SCV  
  34  3:27  Hellion x2  
  38  3:35  SCV  
  38  3:40  SCV, Banshee  
  38  3:41  Cloaking Field  
  43  3:42  Marine  
  44  3:51  Hellion x2  
  44  3:52  SCV x2  
  50  4:01  Barracks Tech Lab  
  50  4:04  Supply Depot  
  50  4:06  SCV  
  51  4:14  Hellion  
  51  4:16  SCV  
  54  4:20  Stimpack  
  54  4:25  Banshee  
  54  4:26  SCV, Hellion  
  54  4:28  SCV, Supply Depot  
  61  4:38  SCV  
  62  4:44  Command Center  
  62  4:48  SCV  
  62  4:50  SCV  
  60  5:01  SCV  
  60  5:02  SCV  
  60  5:05  Barracks  
  62  5:07  Factory Reactor, Barracks  
  62  5:08  Engineering Bay  
  62  5:11  Engineering Bay  
  62  5:13  SCV  
  63  5:16  SCV  
  63  5:17  Starport Reactor  
  63  5:19  Refinery  
  63  5:20  Refinery  
  64  5:25  SCV  
  64  5:28  SCV  
  66  5:30  Marine  
  66  5:31  Armory  
  66  5:32  Factory  
  67  5:38  SCV  
  67  5:39  Terran Infantry Weapons Level 1  
  67  5:40  SCV  
  69  5:44  Supply Depot  
  69  5:48  Marine  
  70  5:54  Barracks Reactor  
  70  5:55  Marine x2  
  70  5:56  SCV x2, Widow Mine x2  
  70  5:57  Terran Infantry Armor Level 1  
  78  5:59  Orbital Command  
  78  6:06  Combat Shield, Marine  
  78  6:08  SCV x2  
  81  6:13  Marine x2  
  81  6:17  Drilling Claws, Widow Mine  
  85  6:20  SCV  
  85  6:21  Orbital Command  
  85  6:22  Widow Mine  
  85  6:23  Widow Mine  
  85  6:24  Marine  
  91  6:29  SCV  
  91  6:31  Marine  
  93  6:34  Supply Depot x2, Marine, Medivac  
  93  6:36  Medivac  
  93  6:39  Missile Turret  
  98  6:42  Missile Turret, Marine  
  98  6:46  Widow Mine  
  101  6:55  SCV x3, Marine, Widow Mine  
  101  6:56  Marine  
  101  7:00  Marine  
  101  7:01  Widow Mine  
  111  7:07  SCV, Widow Mine  
  113  7:09  Medivac  
  113  7:11  SCV  
  113  7:13  Marine  
  115  7:16  Marine  
  115  7:22  SCV, Supply Depot, Barracks x2  
  108  7:23  Supply Depot  
  108  7:24  Marine  
  108  7:26  Marine  
  108  7:27  Marine  
  108  7:28  SCV  
  108  7:30  SCV  
  108  7:34  SCV, Marine x2  
  112  7:39  Missile Turret  
  112  7:40  SCV  
  113  7:51  Marine x4  
  113  7:52  Widow Mine, Marine  
  113  7:55  SCV x2  
  113  7:57  SCV, Supply Depot  
  121  7:58  Refinery, Widow Mine  
  121  8:00  Medivac  
  119  8:08  Marine x2  
  119  8:09  Marine x2  
  119  8:10  SCV, Marine  
  126  8:13  Terran Infantry Weapons Level 2  
  126  8:14  Terran Infantry Armor Level 2  
  126  8:18  Widow Mine  
  128  8:21  Widow Mine  
  128  8:22  Widow Mine  
  128  8:26  Medivac, Marine x3  
  131  8:27  Marine  
  131  8:30  Barracks Reactor  
  131  8:31  Barracks Reactor  
  131  8:33  Medivac  
  131  8:34  Missile Turret  
  130  8:39  Widow Mine  
  129  8:44  Marine  
  129  8:47  Command Center  
  129  8:51  Marine x2  
  129  8:52  Bunker  
  129  8:53  Sensor Tower  
  129  8:54  Terran Vehicle And Ship Armor Level 1  
  133  8:58  Thor  
  133  9:00  Marine  
  139  9:04  Marine  
  139  9:07  Supply Depot  
  139  9:08  Widow Mine  
  141  9:13  Marine  
  141  9:14  Marine  
  143  9:18  Marine  
  143  9:20  Widow Mine, Marine x2  
  143  9:21  Marine  
  145  9:26  Marine  
  145  9:29  Widow Mine  
  150  9:32  Supply Depot  
  150  9:35  Medivac x2  
  152  9:41  Widow Mine  
  152  9:42  Marine  
  152  9:44  Thor  
  153  9:45  SCV  
  153  9:46  Marine  
  153  9:48  Supply Depot  
  153  9:50  SCV x2  
  153  9:51  Barracks  
  153  9:52  Widow Mine  
  157  9:53  Barracks  
  157  9:54  Marine  
  148  10:04  Medivac  
  152  10:07  Widow Mine  
  152  10:13  Widow Mine, Sensor Tower  
  148  10:15  Marine  
  148  10:16  Marine x2  
  148  10:17  Marine x3  
  148  10:19  Missile Turret, Marine  
  148  10:20  Marine  
  157  10:27  Planetary Fortress, Thor  
  162  10:28  Widow Mine  
  162  10:33  Marine  
  162  10:34  Marine  
  152  10:36  Widow Mine, Marine x2  
  159  10:48  Barracks Tech Lab  
  148  10:50  Missile Turret, Widow Mine  
  148  10:51  Missile Turret  
  148  10:53  Sensor Tower  
  150  10:57  Widow Mine  
  150  11:02  Terran Infantry Weapons Level 3  
  150  11:03  Marine x2  
  151  11:04  SCV x4  
  151  11:06  Refinery  
  151  11:08  Orbital Command, Marine  
  151  11:09  Command Center, Marine  
  151  11:10  Widow Mine  
  159  11:11  Medivac  
  159  11:12  Widow Mine  
  159  11:14  Marine  
  159  11:17  Marine  
  159  11:18  Marine  
  165  11:19  Widow Mine  
  165  11:20  Marine x2  
  162  11:26  Marine  
  162  11:27  Marauder  
  162  11:30  Marine  
  162  11:31  Marine  
  163  11:33  Widow Mine x2  
  163  11:34  SCV  
  163  11:37  Marine x3  
  163  11:39  Command Center, Marauder  
  161  11:40  Widow Mine  
  161  11:41  Supply Depot x2  
  159  11:50  Marine  
  159  11:51  Marine  
  159  11:52  Barracks Tech Lab  
  159  11:54  Bunker, Widow Mine  
  159  11:55  SCV x2, Widow Mine  
  165  12:04  Marine  
  165  12:07  Marine  
  165  12:08  Widow Mine, Marine  
  168  12:09  Marine x2  
  168  12:11  Terran Vehicle And Ship Armor Level 2  
  168  12:15  Thor  
  173  12:16  Terran Infantry Armor Level 3, Liberator  
  173  12:22  Marauder, Marine x2  
  181  12:26  Widow Mine  
  181  12:28  Marine  
  186  12:30  Orbital Command  
  186  12:35  Command Center  
  180  12:43  Widow Mine  
  176  13:00  Marauder x2  
  176  13:03  Marine x2  
  180  13:05  Liberator  
  180  13:06  Bunker, Liberator  
  185  13:14  Marauder, Marine x5  
  189  13:22  Marauder x2  
  191  13:28  Marine x3  
  191  13:31  Marine  
  191  13:32  Marine x2  
  187  13:36  Marauder, Marine x2  
  182  13:42  Widow Mine  
  182  13:43  Marauder  
  182  13:45  Marauder  
  182  13:46  Marine x3  
  175  13:48  Liberator  
  175  13:49  Marine, Liberator  
  175  13:50  Marine x2, Widow Mine  
  175  13:53  SCV  
  175  13:54  Marine x2  
  185  13:56  SCV  
  185  14:00  Missile Turret  
  186  14:04  Missile Turret  
  186  14:05  SCV, Widow Mine  
  186  14:07  SCV  
  186  14:08  Marauder  
  192  14:15  Orbital Command  
  192  14:17  Marine  
  192  14:18  Marine  
  192  14:19  SCV  
  192  14:20  Marine  
  192  14:27  Marine  
  192  14:30  Marine x2  
  186  14:31  Medivac  
  186  14:32  Medivac, Missile Turret x2  
  186  14:35  Widow Mine  
  186  14:37  Marine x2  
  190  14:39  Marine  
  190  14:40  Thor x2  
  190  14:41  Marine  
  190  14:43  Marine  
  187  14:49  Marine x2  
  187  14:52  Marine  
  191  14:55  Widow Mine  
  192  15:01  Medivac  
  192  15:02  Marine  
  192  15:06  SCV  
  196  15:10  Marine, Thor  
  197  15:14  Marine  
  197  15:15  Marine  
  197  15:17  Medivac  
  197  15:24  Marine  
  197  15:37  Missile Turret  
  197  15:38  Widow Mine  
  197  15:40  Viking, Marine  
  197  15:42  Marine x2  
  196  15:47  Viking  
  166  15:52  Marine x2  
  144  16:01  Marine  
  144  16:02  Marine  
  144  16:03  SCV x2  
  147  16:04  Marine x3  
  147  16:05  Marine  
  147  16:07  Widow Mine  
  147  16:09  Widow Mine  
  147  16:10  Viking  
  158  16:11  Planetary Fortress  
  158  16:17  Viking, Marine  
  154  16:25  Marauder, Marine  
  155  16:26  Widow Mine, Marine x2  
  155  16:27  Marine  
  155  16:28  Marine  
  155  16:31  SCV  
  162  16:33  Marine  
  162  16:38  Marine x2  
  141  16:40  Medivac  
  164  16:42  Marine  
  164  16:43  Marauder  
  164  16:44  Marauder  
  164  16:47  Marauder, Thor, Liberator  
  168  17:01  Marine x2  
  168  17:04  Marine x2  
  168  17:05  Marauder x2  
  168  17:06  Marine x2  
  168  17:08  Marauder  
  172  17:09  Viking  
  172  17:13  Widow Mine  
  165  17:20  Marine  
  165  17:21  Widow Mine  
  158  17:26  Marauder  
  158  17:27  Marauder  
  158  17:29  Marauder, Marine x2  
  138  17:31  Widow Mine  
  138  17:32  Marine  
  136  17:37  Medivac  
  136  17:38  Widow Mine  
  136  17:44  Marine  
  141  17:47  Marauder  
  141  17:48  Marauder  
  141  17:51  Marauder  
  147  17:53  Marine  
  147  17:56  Widow Mine  
  150  18:01  Orbital Command  
  150  18:06  Widow Mine  
  150  18:09  SCV x2, Marauder x2  
  150  18:12  Marauder  
  155  18:21  SCV x2  
  154  18:30  Marauder  
  154  18:31  Marauder  
  154  18:33  Orbital Command  
  154  18:34  Marauder  
  136  18:47  Orbital Command  
  136  18:48  Orbital Command, Marine  
  115  18:52  Marauder x2  
  115  18:55  Marauder  
  102  18:59  Marine x6  
  96  19:02  SCV  
  96  19:03  SCV  
  96  19:05  Marine  
  94  19:10  Widow Mine  
  94  19:13  Marauder  
  94  19:15  SCV x3  
  94  19:16  Marine  
  94  19:17  Marine x2  
  104  19:27  Missile Turret  
  104  19:29  Widow Mine x2  
  104  19:32  SCV x2  
  104  19:34  Refinery  
  104  19:36  Barracks Tech Lab  
  108  19:40  Medivac  
  108  19:41  Marine  
  108  19:42  Marauder, Marine x5  
  108  19:44  SCV x2  
  108  19:45  SCV x2, Refinery  
  119  19:53  Widow Mine  
  119  19:57  Refinery  
  118  20:00  Missile Turret  
  118  20:01  Marine  
  118  20:02  Marine x2  
  118  20:05  Marine x2  
  118  20:07  Marauder  
  128  20:08  Widow Mine x2  
  128  20:11  Marine  
  128  20:12  Refinery  
  133  20:16  Medivac  
  133  20:20  SCV x2  
  134  20:24  Marauder  
Tags
 
Add a new tag
Caveats
  • Supply blocks, unpowered buildings, or Contaminate may cause inaccurate times.
  • Supply counts are checked every 10 seconds.